 Dungeon Crawl Stone Soup version 0.29.1-13-g9f3cf754e1 (webtiles) character file.

Game seed: 4064386697781497445

214 zeram the Cudgeller (level 5, 0/53 HPs)
             Began as a Troll Fighter on Feb 10, 2023.
             Slain by Crazy Yiuf
             ... wielding a +3 quarterstaff of chaos
              (5 damage)
             ... on level 3 of the Dungeon.
             The game lasted 00:03:57 (2146 turns).

zeram the Cudgeller (Troll Fighter)                 Turns: 2146, Time: 00:03:57

Health: 0/53       AC:  4    Str: 26    XL:     5   Next: 60%
Magic:  4/4        EV:  9    Int:  4    God:
Gold:   143        SH:  7    Dex:  9    Spells: 4/4 levels left

rFire   . . .      SeeInvis .   a - +0 flail
rCold   . . .      Faith    .   c - +0 kite shield
rNeg    . . .      Spirit   .   b - +0 robe
rPois   .          Reflect  .   (helmet restricted)
rElec   .          Harm     .   (no cloak)
rCorr   .          Rampage  .   (gloves unavailable)
Will    .....                   (boots unavailable)
Stlth   +.........              (no amulet)
HPRegen 0.97/turn               (no ring)
MPRegen 0.09/turn               (no ring)

@: mighty, lethally poisoned (0 -> 0)
A: large, unfitting armour, claws 3, regeneration 1, shaggy fur 1, tough skin 1
a: no special abilities


You were on level 3 of the Dungeon.
You visited 1 branch of the dungeon, and saw 3 of its levels.

You collected 143 gold pieces.

Inventory:

Hand Weapons
 a - a +0 flail (weapon)
Armour
 b - a +0 robe (worn)
 c - a +0 kite shield (worn)
Jewellery
 f - an amulet of regeneration
 o - a ring of positive energy
Scrolls
 h - a scroll of butterflies
 p - a scroll of noise {unknown}
 q - 3 scrolls of enchant weapon {unknown}
Potions
 e - a potion of magic {unknown}
 g - 4 potions of degeneration
 i - 2 potions of mutation {unknown}
 j - a potion of curing {unknown}
 k - a potion of ambrosia {unknown}
 l - a potion of heal wounds {unknown}
 m - a potion of flight {unknown}
 n - a potion of lignification {unknown}


   Skills:
 + Level 3.3 Fighting
 + Level 3.9 Maces & Flails
 + Level 3.4 Dodging
 - Level 2.6 Shields


You had 4 spell levels left.
You didn't know any spells.
Your spell library contained the following spells:

 Spells                   Type           Power      Damage    Failure   Level
 Freeze                   Ice            0%         1d3       80%         1
 Frozen Ramparts          Ice            0%         1d1       99%         3
 Hailstorm                Conj/Ice       0%         3d3       100%        4


Dungeon Overview and Level Annotations

Branches:
Dungeon (3/15)

Altars:
Trog

Shops:
D:3 [

Annotations:
D:3 Crazy Yiuf


Innate Abilities, Weirdness & Mutations

You are too large for most types of armour.
You have claws for hands.
Your natural rate of healing is unusually fast.
You are covered in fur. (AC +1)
You have tough skin. (AC +1)


Message History

q - 3 scrolls labelled QUYRUSA APUIS
There is a fountain of clear blue water here.
There is a fountain of clear blue water here.
There is a stone staircase leading down here.
You see here a +0 whip.
You see here a +0 dagger.
Key pressed, stopping explore.
Found a stone staircase leading up.
Could not explore, unopened runed door.
Could not explore, unopened runed door.
Could not explore, unopened runed door.
Could not explore, unopened runed door.
No reachable target in view!
No reachable target in view!
You open the door. You barely miss Crazy Yiuf.
Crazy Yiuf hits you with a +3 quarterstaff of chaos!
You are poisoned.
You closely miss Crazy Yiuf.
You feel very sick.
Crazy Yiuf hits you with a +3 quarterstaff of chaos!
Crazy Yiuf burns you.
Crazy Yiuf sings, "Trees, trees, trees, circus!"
Crazy Yiuf hits you with a +3 quarterstaff of chaos.
* * * LOW HITPOINT WARNING * * *
You feel very mighty all of a sudden.
You feel sick.
Crazy Yiuf hits you with a +3 quarterstaff of chaos.
* * * LOW HITPOINT WARNING * * *
Crazy Yiuf freezes you.
* * * LOW HITPOINT WARNING * * *
You hit Crazy Yiuf.
Crazy Yiuf is moderately wounded.
You feel very sick. Crazy Yiuf barely misses you.
You completely miss Crazy Yiuf.
Crazy Yiuf is moderately wounded.
You feel sick.
Crazy Yiuf hits you with a +3 quarterstaff of chaos.
You die...

###.......# #......#.#...#
#.[....##.# ########.#####
#......##.# #.# #..########
#.# #..# #.# # #..# #.######
#..# ### #####....... #..#
#)..### ##.+..###.### #####
#...g@####......##.# # #...#
#...##..#..........# #.###
### ###.#..'.####.# #.#
#######.# #.# #.# #.# #.#
#.##################.###.#
#........................#
###############.####.#######
#.####.# #..


You could see Crazy Yiuf.

Vanquished Creatures
  2 orc priests (D:3)
  Terence (D:2)
  An orc wizard (D:3)
  2 adders
  3 worms
  5 dart slugs
  5 orcs
  3 bats
  7 endoplasms
  5 hobgoblins
  4 kobolds
  3 quokkas
  5 ball pythons
  4 frilled lizards
  9 goblins
  8 rats
67 creatures vanquished.

Notes
Turn   | Place    | Note
-------+----------+-------------------------------------------
     0 | D:1      | zeram the Troll Fighter began the quest for the Orb.
     0 | D:1      | Reached XP level 1. HP: 22/22 MP: 0/0
   118 | D:1      | Reached XP level 2. HP: 29/29 MP: 1/1
   301 | D:1      | Reached XP level 3. HP: 36/36 MP: 2/2
   328 | D:1      | Found a faded altar of an unknown god.
   656 | D:2      | Noticed Terence
   668 | D:2      | Killed Terence
   745 | D:2      | Reached XP level 4. HP: 45/45 MP: 3/3
  1089 | D:2      | Found a bloodstained altar of Trog.
  1434 | D:3      | Reached XP level 5. HP: 27/53 MP: 4/4
  1560 | D:3      | Identified the +2 flail "Qaluath" {flame, *Noise rF+ Str+3
                  | Dex+8}
  1777 | D:3      | Found a runed translucent door.
  1778 | D:3      | Noticed Crazy Yiuf
  1922 | D:3      | Found Edaoluq's Armour Shoppe.
  2146 | D:3      | Slain by Crazy Yiuf

Illustrated notes

Levels and vault maps discovered:
D:1:      lightli_arrival_flooded_house, layout_rooms,
          shapermc_ecumenical_altar_petra
D:2:      layout_basic, basic_altar, uniq_terence
D:3:      layout_loops_cross, serial_shops, shop_fountains,
          uniq_crazy_yiuf_cottage

Skill      XL: |  1  2  3  4 |
---------------+-------------+-----
Maces & Flails | 2 3 |  3.9
Fighting       | 3 |  3.3
Dodging        | 3 |  3.4
Shields        | |  2.6

Action                   |  1- 3 |  4- 6 || total
-------------------------+-------+-------++-------
Melee: Flail             |   108 |   129 ||   237
  Use: Scroll            |       |     6 ||     6
       Potion            |       |     1 ||     1
 Stab: Sleeping          |       |     1 ||     1
Armor: Robe              |    40 |    44 ||    84
Dodge: Dodged            |    49 |    55 ||   104
Block: Kite shield       |    47 |    59 ||   106
